 Dungeon Crawl Stone Soup version 0.31-a0-208-gdb31a4691d (webtiles) character file.

Game seed: 1836784490751188973

60 senseless the Ducker (level 3, -5/22 HPs)
             Began as a Deep Elf Gladiator on June 28, 2023.
             Slain by Terence
             ... wielding a +2 heavy flail
              (14 damage)
             ... on level 2 of the Dungeon.
             The game lasted 00:03:15 (1528 turns).

senseless the Ducker (Deep Elf Gladiator)           Turns: 1528, Time: 00:03:16

Health: -5/22      AC:  5    Str: 11    XL:     3   Next: 82%
Magic:  14/14      EV: 13    Int: 12    God:
Gold:   78         SH:  0    Dex: 18    Spells: 2/2 levels left

rFire   + . .        a - +0 long sword
rCold   . . .        (no shield)
rNeg    . . .        b - +0 leather armour
rPois   .            c - +0 helmet
rElec   .            (no cloak)
rCorr   .            (no gloves)
SInv    .            h - +0 pair of boots
Will    .....        (no amulet)
Stlth   +            n - ring of protection from fire
HPRegen 0.23/turn    m - ring of magical power
MPRegen 0.14/turn

%: no passive effects
@: no status effects
A: no striking features
a: no special abilities


You were on level 2 of the Dungeon.
You visited 1 branch of the dungeon, and saw 2 of its levels.

You collected 78 gold pieces.

Inventory:

Hand Weapons
 a - a +0 long sword (weapon)
Missiles
 d - 4 throwing nets (quivered)
 e - a javelin
Armour
 b - a +0 leather armour (worn)
 c - a +0 helmet (worn)
 h - a +0 pair of boots (worn)
Jewellery
 m - a ring of magical power (right hand)
 n - a ring of protection from fire (left hand)
Scrolls
 f - a scroll of amnesia
 i - a scroll of teleportation
 l - a scroll of identify {unknown}
Potions
 g - a potion of might
 j - a potion of attraction {unknown}
 k - a potion of curing {unknown}


   Skills:
 + Level 2.3 Fighting
 * Level 3.3 Long Blades
 - Level 2.0 Throwing
 + Level 4.4 Dodging


You had 2 spell levels left.
You didn't know any spells.
Your spell library contained the following spells:

 Spells                   Type           Power      Damage    Failure   Level
 Magic Dart               Conj           0%         1d3       41%         1
 Searing Ray              Conj           0%         2d4       54%         2
 Fulminant Prism          Conj/Hex       0%         3d5       99%         4


Dungeon Overview and Level Annotations

Branches:
Dungeon (2/15)

Altars:

Annotations:
D:2 Terence


Message History

Your +0 helmet unmelds from your body.
Your +0 leather armour unmelds from your body.
HP restored.
h - a +0 pair of boots You start putting on your armour.
You continue putting on your +0 pair of boots.
You feel a little less mighty now.
You continue putting on your +0 pair of boots. x3
You finish putting on your +0 pair of boots.
Found a ring mail.
i - a scroll of teleportation
m - a ring of magical power You feel your magic capacity increase.
m - a ring of magical power (right hand) Magic restored.
Found a stone staircase leading down.
You barely miss Terence. Terence hits you with a +2 heavy flail!
Ouch! That really hurt!
You are too injured to fight recklessly!
You are too injured to fight recklessly!
You are too injured to fight recklessly!
You are too injured to fight recklessly!
You are too injured to fight recklessly!
You are too injured to fight recklessly!
You are too injured to fight recklessly!
You are too injured to fight recklessly!
You are too injured to fight recklessly!
You are too injured to fight recklessly!
You are too injured to fight recklessly!
You are too injured to fight recklessly!
You are too injured to fight recklessly!
You are too injured to fight recklessly!
You are too injured to fight recklessly!
You are too injured to fight recklessly!
You are too injured to fight recklessly!
You are too injured to fight recklessly!
You hit Terence but do no damage. You completely miss Terence.
Terence hits you with a +2 heavy flail!
Ouch! That really hurt!
You die...

..........†........
.......#........... ....
............#######.....
........................
...)....######....#.....
####..#####....####..... .###.##
#..#####....... .#...#
#.#####..[..... ...###
#.###..@@....... #### .###
#####.##......##....####..##
..####............#..............
...............#.##.#.# #........
.................##.#.# #........
##.............<.>.........#.#..#
..............###.....#### #.##.#
##.÷.........####.##..######.##..
#............# #..##.###........#


You could see Terence.

Vanquished Creatures
  An adder (D:2)
  A worm (D:2)
  2 dart slugs (D:1)
  2 endoplasms (D:1)
  A giant cockroach (D:2)
  8 goblins
  3 hobgoblins
  2 jackals (D:1)
  5 kobolds
  A quokka (D:1)
  6 bats
  4 frilled lizards
  7 rats
43 creatures vanquished.

Notes
Turn   | Place    | Note
-------+----------+-------------------------------------------
     0 | D:1      | senseless the Deep Elf Gladiator began the quest for the
                  | Orb.
     0 | D:1      | Reached XP level 1. HP: 12/12 MP: 3/3
    34 | D:1      | Reached XP level 2. HP: 11/17 MP: 4/4
   146 | D:1      | Reached skill level 4 in Dodging
   410 | D:1      | Reached XP level 3. HP: 21/21 MP: 5/5
  1002 | D:2      | Noticed Terence
  1019 | D:2      | HP: 1/21 [goblin/+0 dagger (1)]
  1528 | D:2      | Slain by Terence

Illustrated notes

Levels and vault maps discovered:
D:1:      dpeg_arrival_windows_large_door, layout_basic,
          amcnicky_mini_corridor_feature, dreamdust_princess_bridge,
          hangedman_glass_teeth
D:2:      layout_rooms, uniq_terence

Skill      XL: |  1  2 |
---------------+-------+-----
Dodging        | 4 |  4.4
Fighting       | 2 |  2.3
Long Blades    | 3 |  3.3
Throwing       | |  2.0

Action                     || total
---------------------------++-------
  Melee: Long sword        ||   140
         Punch             ||     1
    Use: Scroll            ||     5
         Potion            ||     3
 Armour: Leather armour    ||    49
  Dodge: Dodged            ||   130

Table legend: (Time is in decaauts)
 A = Elapsed time spent in this place.
 B = Non-inter-level travel time spent in this place.
 C = Inter-level travel time spent in this place.
 D = Time resting spent in this place.
 E = Time spent auto-exploring this place.
 F = Levels seen in this place.
 G = Mean time per level.
                   A        B        C        D        E       F      G
               +--------+--------+--------+--------+--------+-----+--------+
         Total |   1561 |   1538 |     23 |      5 |   1191 |   2 |  780.5 |
       Dungeon |   1561 |   1538 |     23 |      5 |   1191 |   2 |  780.5 |
               +--------+--------+--------+--------+--------+-----+--------+

Top non-repeatable levels by time:
     D:1: 1024 daAuts
     D:2: 537 daAuts
